 Dungeon Crawl Stone Soup version 0.31.0-11-ge490571c62 (webtiles) character file.

Game seed: 16203486486876641048

58 Gadfly the Insei (level 3, 0/29 HPs)
             Began as a Demonspawn Monk on Feb 2, 2024.
             Slain by Sigmund
             ... wielding a +0 scythe
              (7 damage)
             ... on level 2 of the Dungeon.
             The game lasted 00:01:50 (1035 turns).

Gadfly the Insei (Demonspawn Monk)                  Turns: 1035, Time: 00:01:50

Health: 0/29       AC:  2    Str: 19    XL:     3   Next: 76%
Magic:  3/3        EV: 13    Int: 10    God:
Gold:   114        SH:  0    Dex: 15    Spells: 2/2 levels left

rFire   . .          .
                       - Unarmed
rCold   . . .        c - orb {light}
rNeg    . . .        a - +0 robe
rPois   .            (helmet currently unavailable)
rElec   .            (cloak currently unavailable)
rCorr   .            (gloves currently unavailable)
SInv    .            (boots currently unavailable)
Will    .....        (no amulet)
Stlth   +            i - +6 ring of strength
HPRegen 0.24/turn    (no ring)
MPRegen 0.08/turn

%: no passive effects
@: confused, beast-form, glowing
A: beast (slay +0), foul stench 1
a: Begin Untransformation


You were on level 2 of the Dungeon.
You were a hulking beast.
You visited 1 branch of the dungeon, and saw 2 of its levels.

You collected 114 gold pieces.

Inventory:

Armour
 a - a +0 robe (worn)
 c - an orb of light (worn)
Jewellery
 i - a +6 ring of strength (left hand)
Talismans
 f - a beast talisman (active)
 h - a blade talisman
Scrolls
 d - 2 scrolls of teleportation
 g - a scroll of poison
Potions
 b - a potion of ambrosia
 e - a potion of attraction {unknown}


   Skills:
 - Level 3.0 Fighting
 + Level 3.0 Dodging
 * Level 3.2 Unarmed Combat
 * Level 1.5 Evocations
 * Level 1.2 Shapeshifting


You had 2 spell levels left.
You didn't know any spells.
Your spell library contained the following spells:

 Spells                   Type           Power      Damage    Failure   Level
 Magic Dart               Conj           0%         1d3       36%         1
 Necrotise                Necr           0%         1d4       36%         1
 Blink                    Tloc           0%         N/A       50%         2
 Call Imp                 Summ           0%         N/A       50%         2
 Mercury Vapours          Alch/Air       0%         N/A       50%         2
 Dazzling Flash           Conj/Hex       0%         N/A       75%         3
 Mephitic Cloud           Conj/Alch/Air  0%         N/A       75%         3
 Vampiric Draining        Necr           0%         2d6       75%         3
 Volatile Blastmotes      Fire/Tloc      0%         2d10      75%         3
 Martyr's Knell           Necr/Summ      0%         N/A       98%         4
 Curse of Agony           Necr           0%         N/A       100%        5
 Freezing Cloud           Conj/Ice/Air   0%         6-21      100%        5
 Starburst                Conj/Fire      0%         6d3       100%        6
 Maxwell's Capacitive Co  Air            0%         ∞         100%        8


Dungeon Overview and Level Annotations

Branches:
Dungeon (2/15)

Altars:
Dithmenos

Shops:
D:2 =

Annotations:
D:2 Sigmund


Innate Abilities, Weirdness & Mutations

You are a hulking beast.
Your limbs bulge with bestial killing power. (Slay +0)
You may rarely emit foul miasma when damaged in melee.


Message History

Sigmund is severely wounded.
Sigmund gestures at you while chanting.
You are confused.
You are too confused!
You are too confused!
You are too confused!
You are too confused!
You are too confused!
You are too confused!
You are too confused!
You are too confused!
You are too confused!
You are too confused!
You are too confused!
You are too confused!
You are too confused!
You are too confused!
You are too confused!
You are too confused!
You are too confused!
Unknown command.
You're too confused to move!
Sigmund closely misses you.
You're too confused to move!
Sigmund casts a spell at you. You resist with significant effort.
Sigmund hits you but does no damage.
Found a scroll labelled NEAVOA ANKADIBU.
Sigmund hits you with a +0 scythe! Sigmund gestures at you while chanting.
You are more confused.
You're too confused to move!
Sigmund gestures at you while chanting. The magic dart hits you!
You're too confused to move!
Sigmund hits you from afar with a +0 scythe.
Sigmund hits you from afar with a +0 scythe.
* * * LOW HITPOINT WARNING * * *
Sigmund hits you with a +0 scythe!
You die...
Sigmund begins carving another notch in his scythe.

.....# #.# .# # ##.###
#.# #.# ## .. #.#...# #.
########$..# ##.
#..........## #.. #..# #
#...........# ##.. ..#
#.. #...........# #...
###
###..#...@.....$..####.#.
#
#.......h.......#........
#
..##.#........[....###.#.
# #.<..........##.###...
# ##.........?.##.##...#
# #
#...._.......##.##...#
### #.#
#............##.#....#
..###...#
..#....?....###.#....#
..#...#
..####.##.#.........###
....###.. #.###...#.#


You could see Sigmund.

Vanquished Creatures
  An adder (D:2)
  A ribbon worm (D:2)
  2 dart slugs (D:1)
  5 bats
  7 endoplasms
  3 goblins
  6 hobgoblins (D:1)
  A quokka (D:1)
  6 ball pythons
  4 frilled lizards (D:1)
  4 rats
40 creatures vanquished.

Notes
Turn   | Place    | Note
-------+----------+-------------------------------------------
     0 | D:1      | Gadfly the Demonspawn Monk began the quest for the Orb.
     0 | D:1      | Reached XP level 1. HP: 18/18 MP: 1/1
    93 | D:1      | Gained mutation: You may rarely emit foul miasma when
                  | damaged in melee. [demonic ancestry]
    93 | D:1      | Reached XP level 2. HP: 23/24 MP: 2/2
   287 | D:1      | Reached skill level 1 in Evocations
   374 | D:1      | Reached XP level 3. HP: 29/29 MP: 3/3
   387 | D:1      | Found a faded altar of an unknown god.
   412 | D:1      | Reached skill level 1 in Shapeshifting
   825 | D:2      | Found Anniv's Jewellery Shoppe.
  1016 | D:2      | Noticed Sigmund
  1018 | D:2      | Found a shadowy altar of Dithmenos.
  1035 | D:2      | Slain by Sigmund

Illustrated notes

Levels and vault maps discovered:
D:1:      saegor_arrival_simple_d, layout_rooms, nicolae_ecumenical_lake_church
D:2:      layout_rooms, serial_shops, nicolae_shop_gaudy_bauble, basic_altar,
          uniq_sigmund

Skill      XL: |  1  2  3 |
---------------+----------+-----
Unarmed Combat | 3 |  3.2
Evocations     | 1 |  1.5
Shapeshifting  | 1 |  1.2
Dodging        | 3 |  3.0
Fighting       | |  3.0

Action                     || total
---------------------------++-------
  Melee: Unarmed           ||   109
    Use: Scroll            ||     3
 Armour: Robe              ||    47
  Dodge: Dodged            ||    67
   Form: Beast             ||     1
